PBL
WINDY CITY THUNDERBOLTS @ LONDON MAJORS
06/04/2047
 
TOP OF THE 1ST
Windy City ThunderBolts batting - Pitching for London Majors : LHP Antoine Herndon
Pitching: LHP Antoine Herndon
Batting: LHB Jose Pereyra 0-0: Foul Ball, location: 2F
0-1: Foul Ball, location: 2F
0-2: Ball
1-2: Foul Ball, location: 2F
1-2: Foul Ball, location: 2F
1-2: Ball
2-2: Strikes out swinging
Batting: SHB Rob Haney 0-0: Called Strike
0-1: Called Strike
0-2: Foul Ball, location: 2F
0-2: SOLO HOME RUN (Flyball, 7LD, EV 96.2 MPH), Distance : 348 ft
Batting: SHB Noah Long 0-0: Ball
1-0: Fly out, F7 (Line Drive, 7D, EV 105.6 MPH)
Batting: RHB Tyrell Camp 0-0: Ball
1-0: Ball
2-0: SINGLE (Line Drive, 7S, EV 112.5 MPH)
Batting: RHB Nhat Phong 0-0: Ball
1-0: Fly out, F6 (Popup, 6M, EV 68.1 MPH)
Top of the 1st over - 1 run, 2 hits, 0 errors, 1 left on base; Windy City 1 - London 0
BOTTOM OF THE 1ST
London Majors batting - Pitching for Windy City ThunderBolts : RHP Juan Reyes
Pitching: RHP Juan Reyes
Batting: RHB Manny Elizondo 0-0: Called Strike
0-1: Called Strike
0-2: Ball
1-2: Ball
2-2: DOUBLE (Groundball, 5L, EV 101.2 MPH)
Batting: LHB Ron de Vos 0-0: Ball
1-0: Ball
2-0: SINGLE (Groundball, 4MD, EV 106.2 MPH)
Manny Elizondo to third
Runner from 3rd tries for Home, SAFE, throw by CF to home
Batting: RHB Mark Noftall 0-0: Ball
Ron de Vos is caught stealing 2nd base 2-4
1-0: Called Strike
1-1: DOUBLE (Groundball, 5L, EV 101.9 MPH)
Batting: RHB Akira Kubo 0-0: Called Strike
0-1: Ball
1-1: Ball
2-1: Ground out 6-3 (Groundball, 6, EV 86.9 MPH)
Mark Noftall to third
Batting: RHB Bruce Ayotte 0-0: Called Strike
0-1: Ball
1-1: Foul Ball, location: 2F
1-2: Ball
2-2: Ball
3-2: Ground out 4-3 (Groundball, 4, EV 87.5 MPH)
Bottom of the 1st over - 1 run, 3 hits, 0 errors, 1 left on base; Windy City 1 - London 1
TOP OF THE 2ND
Windy City ThunderBolts batting - Pitching for London Majors : LHP Antoine Herndon
Batting: SHB Danny Gallegos 0-0: Called Strike
0-1: Fly out, F8 (Flyball, 8RM, EV 82.5 MPH)
Batting: RHB Kaoru Hamada 0-0: Ball
1-0: Swinging Strike
1-1: Bunt for hit to 2L - play at first, batter OUT! 2-3
Batting: RHB Dave Dominguez 0-0: Ball
1-0: Foul Ball, location: 2F
1-1: Ground out 6-3 (Groundball, 6, EV 84.4 MPH)
Top of the 2nd over - 0 runs, 0 hits, 0 errors, 0 left on base; Windy City 1 - London 1
BOTTOM OF THE 2ND
London Majors batting - Pitching for Windy City ThunderBolts : RHP Juan Reyes
Batting: RHB Carlos Murillo 0-0: Ball
1-0: Ball
2-0: Ground out 6-3 (Groundball, 6, EV 106.9 MPH)
Batting: LHB Nate Greening 0-0: Ball
1-0: Ball
2-0: Called Strike
2-1: Called Strike
2-2: Fly out, F8 (Flyball, 8LD, EV 100.6 MPH)
Batting: RHB Lao-che Zhu 0-0: Fly out, F9 (Flyball, 9S, EV 94.4 MPH)
Bottom of the 2nd over - 0 runs, 0 hits, 0 errors, 0 left on base; Windy City 1 - London 1
TOP OF THE 3RD
Windy City ThunderBolts batting - Pitching for London Majors : LHP Antoine Herndon
Batting: RHB Klaus Brown 0-0: Ball
1-0: Ball
2-0: Fly out, F7 (Flyball, 7D, EV 105.6 MPH)
Batting: LHB Jose Pereyra 0-0: Swinging Strike
0-1: Called Strike
0-2: Strikes out swinging
Batting: SHB Rob Haney 0-0: Ball
1-0: SINGLE (Line Drive, 34D, EV 93.8 MPH)
Batting: SHB Noah Long 0-0: Ball
1-0: Called Strike
1-1: Ball
2-1: SINGLE (Line Drive, 8LS, EV 97.5 MPH)
Rob Haney to second
Runner from 2nd tries for 3rd, OUT! 8-5
Top of the 3rd over - 0 runs, 2 hits, 0 errors, 1 left on base; Windy City 1 - London 1
BOTTOM OF THE 3RD
London Majors batting - Pitching for Windy City ThunderBolts : RHP Juan Reyes
Batting: RHB Jorge Alva 0-0: Ball
1-0: Foul Ball, location: 2F
1-1: Swinging Strike
1-2: Ball
2-2: Foul Ball, location: 2F
2-2: Strikes out swinging
Batting: RHB Manny Elizondo 0-0: Ground out 1-3 (Groundball, 34S, EV 71.2 MPH)
Batting: LHB Ron de Vos 0-0: Ground out 6-3 (Groundball, 4M, EV 94.4 MPH)
Bottom of the 3rd over - 0 runs, 0 hits, 0 errors, 0 left on base; Windy City 1 - London 1
TOP OF THE 4TH
Windy City ThunderBolts batting - Pitching for London Majors : LHP Antoine Herndon
Batting: RHB Tyrell Camp 0-0: Called Strike
0-1: Foul Ball, location: 2F
0-2: Ball
1-2: Ball
2-2: SINGLE (Groundball, 56D, EV 94.4 MPH)
Batting: RHB Nhat Phong 0-0: Ball
1-0: Ball
2-0: Fly out, F9 (Flyball, 9D, EV 109.4 MPH)
Batting: SHB Danny Gallegos 0-0: Ball
1-0: Ball
2-0: Grounds into double play, 6-4-3 (Groundball, 6, EV 83.1 MPH)
Top of the 4th over - 0 runs, 1 hit, 0 errors, 0 left on base; Windy City 1 - London 1
BOTTOM OF THE 4TH
London Majors batting - Pitching for Windy City ThunderBolts : RHP Juan Reyes
Batting: RHB Mark Noftall 0-0: SINGLE (Groundball, 6MD, EV 101.9 MPH)
Batting: RHB Akira Kubo 0-0: Ball
1-0: Called Strike
Mark Noftall steals 2nd base
1-1: Called Strike
1-2: Fly out, F8 (Flyball, 78D, EV 86.9 MPH)
Runner from 2nd tags up, SAFE at 3rd with throw by CF
Batting: RHB Bruce Ayotte 0-0: Ball
1-0: Ball
2-0: Foul Ball, location: 2F
2-1: TRIPLE (Line Drive, 8LXD, EV 111.2 MPH)
Mark Noftall scores
Batting: RHB Carlos Murillo 0-0: SINGLE (Line Drive, 78M, EV 100.6 MPH)
Bruce Ayotte scores
Batting: LHB Nate Greening 0-0: Ball
1-0: Called Strike
1-1: Foul Ball, location: 2F
1-2: Ball
2-2: Strikes out looking
Batting: RHB Lao-che Zhu 0-0: Called Strike
0-1: Ball
1-1: Ball
2-1: Ground out 4-3 (Groundball, 34, EV 88.8 MPH)
Bottom of the 4th over - 2 runs, 3 hits, 0 errors, 1 left on base; Windy City 1 - London 3
TOP OF THE 5TH
Windy City ThunderBolts batting - Pitching for London Majors : LHP Antoine Herndon
Batting: RHB Kaoru Hamada 0-0: Ball
1-0: Fly out, F8 (Flyball, 8RS, EV 83.1 MPH)
Batting: RHB Dave Dominguez 0-0: Ball
1-0: DOUBLE (Flyball, 78D, EV 114.4 MPH)
Batting: RHB Klaus Brown 0-0: Foul Ball, location: 2F
0-1: Swinging Strike
0-2: Ball
1-2: Strikes out swinging
Batting: LHB Jose Pereyra 0-0: Reached on error, E6 (Groundball, 6, EV 86.2 MPH)
Dave Dominguez to third
Batting: SHB Rob Haney 0-0: Fielders Choice at 2nd, 6-4 (Groundball, 6, EV 101.2 MPH)
Top of the 5th over - 0 runs, 1 hit, 1 error, 2 left on base; Windy City 1 - London 3
BOTTOM OF THE 5TH
London Majors batting - Pitching for Windy City ThunderBolts : RHP Juan Reyes
Batting: RHB Jorge Alva 0-0: Foul Ball, location: 2F
0-1: Ball
1-1: Fly out, F9 (Line Drive, 89M, EV 84.4 MPH)
Batting: RHB Manny Elizondo 0-0: Called Strike
0-1: Ball
1-1: Ball
2-1: Ball
3-1: Fly out, F8 (Flyball, 8LD, EV 92.5 MPH)
Batting: LHB Ron de Vos 0-0: Called Strike
0-1: Ball
1-1: SINGLE (Line Drive, 89S, EV 99.4 MPH)
Batting: RHB Mark Noftall 0-0: Ball
1-0: Ball
2-0: Ball
Ron de Vos is caught stealing 2nd base 2-4
Bottom of the 5th over - 0 runs, 1 hit, 0 errors, 0 left on base; Windy City 1 - London 3
TOP OF THE 6TH
Windy City ThunderBolts batting - Pitching for London Majors : LHP Antoine Herndon
Batting: SHB Noah Long 0-0: Called Strike
0-1: Swinging Strike
0-2: Strikes out swinging
Batting: RHB Tyrell Camp 0-0: Ball
1-0: Ball
2-0: Ball
3-0: Base on Balls
Batting: RHB Nhat Phong 0-0: Called Strike
0-1: Ball
1-1: Ball
2-1: Foul Ball, location: 2F
2-2: Strikes out swinging
Batting: SHB Danny Gallegos 0-0: Ball
1-0: Ball
2-0: Ball
3-0: Called Strike
3-1: Base on Balls
Tyrell Camp to second
Batting: RHB Kaoru Hamada 0-0: Ball
1-0: Called Strike
1-1: Ball
2-1: SINGLE (Groundball, 34D, EV 100.6 MPH)
Tyrell Camp to third
Danny Gallegos to second
Runner from 3rd tries for Home, SAFE, throw by RF to home
Pinch Hitting: RHB Joe Thomas 0-0: Ball
1-0: Ball
2-0: Fly out, F9 (Flyball, 89S, EV 92.5 MPH)
Top of the 6th over - 1 run, 1 hit, 0 errors, 2 left on base; Windy City 2 - London 3
BOTTOM OF THE 6TH
London Majors batting - Pitching for Windy City ThunderBolts : RHP Juan Reyes
Now at 2B: Joe Thomas
Now in RF: Nhat Phong
Batting: RHB Mark Noftall 0-0: Ball
1-0: Fly out, F9 (Flyball, 9LS, EV 83.8 MPH)
Batting: RHB Akira Kubo 0-0: Ball
1-0: Ground out 4-3 (Groundball, 4, EV 87.5 MPH)
Batting: RHB Bruce Ayotte 0-0: Ball
1-0: Ball
2-0: Ball
3-0: Base on Balls
Batting: RHB Carlos Murillo 0-0: Ball
1-0: Called Strike
1-1: Called Strike
1-2: Ball
2-2: Foul Ball, location: 2F
2-2: SINGLE (Groundball, 56D, EV 108.8 MPH)
Bruce Ayotte to second
Batting: LHB Nate Greening 0-0: Ball
1-0: Ball
2-0: Ball
3-0: Base on Balls
Bruce Ayotte to third
Carlos Murillo to second
Batting: RHB Lao-che Zhu 0-0: Ball
1-0: Ball
2-0: Called Strike
2-1: Foul Ball, location: 2F
2-2: Ball
3-2: Foul Ball, location: 2F
3-2: Strikes out swinging
Bottom of the 6th over - 0 runs, 1 hit, 0 errors, 3 left on base; Windy City 2 - London 3
TOP OF THE 7TH
Windy City ThunderBolts batting - Pitching for London Majors : LHP Antoine Herndon
Batting: RHB Klaus Brown 0-0: Ball
1-0: Swinging Strike
1-1: Foul Ball, location: 2F
1-2: Ground out 4-3 (Groundball, 4M, EV 78.1 MPH)
Batting: LHB Jose Pereyra 0-0: Fly out, F7 (Flyball, 7, EV 79.4 MPH)
Batting: SHB Rob Haney 0-0: Ball
1-0: Fly out, F9 (Flyball, 9S, EV 88.1 MPH)
Top of the 7th over - 0 runs, 0 hits, 0 errors, 0 left on base; Windy City 2 - London 3
BOTTOM OF THE 7TH
London Majors batting - Pitching for Windy City ThunderBolts : RHP Juan Reyes
Batting: RHB Jorge Alva 0-0: Foul Ball, location: 2F
0-1: Foul Ball, location: 2F
0-2: Strikes out looking
Batting: RHB Manny Elizondo 0-0: Called Strike
0-1: Swinging Strike
0-2: Ground out U3 (Groundball, 34, EV 88.8 MPH)
Batting: LHB Ron de Vos 0-0: Swinging Strike
0-1: Fly out, F3 (Popup, 3, EV 55.6 MPH)
Bottom of the 7th over - 0 runs, 0 hits, 0 errors, 0 left on base; Windy City 2 - London 3
TOP OF THE 8TH
Windy City ThunderBolts batting - Pitching for London Majors : LHP Antoine Herndon
Batting: SHB Noah Long 0-0: Ball
1-0: SINGLE (Line Drive, 89S, EV 88.1 MPH)
Batting: RHB Tyrell Camp 0-0: 2-RUN HOME RUN (Flyball, 78XD, EV 101.2 MPH), Distance : 407 ft
Batting: RHB Nhat Phong 0-0: Foul Ball, location: 2F
0-1: Ball
1-1: Ball
2-1: Swinging Strike
2-2: Strikes out swinging
Batting: SHB Danny Gallegos 0-0: Ball
1-0: Ball
2-0: Ball
3-0: Called Strike
3-1: Foul Ball, location: 2F
3-2: Base on Balls
Batting: RHB Kaoru Hamada 0-0: Called Strike
0-1: Ball
Wild Pitch!
Danny Gallegos to second
1-1: Ball
2-1: Foul Ball, location: 2F
2-2: Strikes out swinging
Pitching: RHP Chris Mansfield
Batting: RHB Joe Thomas 0-0: Fly out, F2 (Popup, 23F, EV 82.5 MPH)
Top of the 8th over - 2 runs, 2 hits, 0 errors, 1 left on base; Windy City 4 - London 3
BOTTOM OF THE 8TH
London Majors batting - Pitching for Windy City ThunderBolts : RHP Juan Reyes
Now in RF: Miguel Pacheco
Batting: RHB Mark Noftall 0-0: Called Strike
0-1: Called Strike
0-2: Ball
1-2: Foul Ball, location: 2F
1-2: Ball
2-2: Foul Ball, location: 2F
2-2: Foul Ball, location: 2F
2-2: Fly out, F7 (Flyball, 7, EV 88.1 MPH)
Batting: RHB Akira Kubo 0-0: Ball
1-0: Called Strike
1-1: Swinging Strike
1-2: Foul Ball, location: 2F
1-2: Ball
2-2: Ball
3-2: Foul Ball, location: 2F
3-2: SINGLE (Flyball, 7S, EV 88.8 MPH)
Pitching: LHP James Reynolds
Batting: RHB Bruce Ayotte 0-0: Ball
1-0: SINGLE (Groundball, 4MD, EV 94.4 MPH)
Akira Kubo to second
Batting: RHB Carlos Murillo 0-0: Reached on error, E4 (Groundball, 4, EV 100.6 MPH)
Akira Kubo to third
Bruce Ayotte to second
Pinch Hitting: RHB Chad Colyer 0-0: Foul Ball, location: 2F
0-1: Ball
1-1: Ball
Wild Pitch!
Akira Kubo scores
Bruce Ayotte to third
Carlos Murillo to second
2-1: Intentional Walk
Pinch Hitting: SHB Mike Fermin 0-0: Called Strike
0-1: Fly out, F8 (Flyball, 8LD, EV 76.2 MPH)
Runner from 3rd tags up, SCORES, throw by CF
Batting: RHB Jorge Alva 0-0: Ground out 1-3 (Groundball, P, EV 75.6 MPH)
Bottom of the 8th over - 2 runs, 2 hits, 1 error, 2 left on base; Windy City 4 - London 5
TOP OF THE 9TH
Windy City ThunderBolts batting - Pitching for London Majors : RHP Chris Mansfield
Pitching: RHP Andrew Dopp
Now at 2B: Carlos Viera
Now at 3B: Carlos Murillo
Now at SS: Hanley Hernandez
Pinch Hitting: RHB Joselito Santos 0-0: Ball
1-0: Called Strike
1-1: Called Strike
1-2: Strikes out swinging
Batting: LHB Jose Pereyra 0-0: SINGLE (Line Drive, 7S, EV 99.4 MPH)
Pinch Hitting: RHB Camillo Bonauiti 0-0: Called Strike
0-1: Ball
1-1: Swinging Strike
1-2: Foul Ball, location: 2F
1-2: Ball
2-2: Foul Ball, location: 2F
2-2: Foul Ball, location: 2F
2-2: Strikes out swinging
Batting: SHB Noah Long 0-0: Called Strike
0-1: Foul Ball, location: 2F
0-2: Foul Ball, location: 2F
0-2: Ball
1-2: Ball
2-2: Foul Ball, location: 2F
2-2: Ball
3-2: Foul Ball, location: 2F
3-2: Foul Ball, location: 2F
3-2: Foul Ball, location: 2F
3-2: Foul Ball, location: 2F
3-2: Strikes out looking
Top of the 9th over - 0 runs, 1 hit, 0 errors, 1 left on base; Windy City 4 - London 5
Thursday, December 15th , 2022 - OOTP Baseball 23.9 Build 102